 Dungeon Crawl Stone Soup version 0.27-a0-1147-gb3d8e82157 (webtiles) character file.

Game seed: 1174956672072392314

216 AtomicRavioli the Chiller (level 5, -2/42 HPs)
             Began as a Naga Ice Elementalist on May 12, 2021.
             Slain by a gnoll
             ... wielding a +0 whip
              (4 damage)
             ... on level 4 of the Dungeon.
             The game lasted 00:10:03 (2886 turns).

AtomicRavioli the Chiller (Naga Ice Elementalist)   Turns: 2886, Time: 00:10:03

Health: -2/42      AC:  2    Str: 11    XL:     5   Next: 93%
Magic:  1/10       EV:  9    Int: 16    God:
Gold:   91         SH:  4    Dex: 11    Spells: 4/11 levels left

rFire    x . .     SeeInvis +   j - staff of conjuration
rCold    + . .     Faith    .   i - +0 buckler
rNeg     . . .     Spirit   .   a - +0 robe
rPois    +         Reflect  .   (no helmet)
rElec    .         Harm     .   (no cloak)
rCorr    .         Rampage  .   (no gloves)
Will     .....                  (no barding)
Stlth    ++........             (no amulet)
HPRegen  0.14/turn              e - ring of ice
MPRegen  0.12/turn              (no ring)

@: very slow
A: AC +1, large, see invisible, deformed body, poison resistance, slowness 2,
spit poison 1, naga tail 1
a: Spit Poison


You were on level 4 of the Dungeon.
You visited 1 branch of the dungeon, and saw 4 of its levels.

You collected 91 gold pieces.

Inventory:

Armour
 a - a +0 robe (worn)
 i - a +0 buckler (worn)
 o - a +0 kite shield
Magical Staves
 j - a staff of conjuration (weapon)
Jewellery
 e - a ring of ice (left hand)
Scrolls
 k - a scroll of enchant weapon {unknown}
 l - a scroll of teleportation
 n - a scroll of noise {unknown}
 p - a scroll of holy word {unknown}
 q - 2 scrolls of identify {unknown}


   Skills:
 - Level 1.5 Dodging
 - Level 3.0 Stealth
 - Level 2.4 Shields
 - Level 3.6 Spellcasting
 + Level 0.5 Conjurations
 - Level 4.9 Ice Magic


You had 4 spell levels left.
You knew the following spells:

 Your Spells              Type           Power      Damage    Failure   Level
a - Freeze                Ice            100%       1d11      2%          1
b - Frozen Ramparts       Ice            56%        1d7       7%          3
c - Ozocubu's Armour      Ice            28%        N/A       7%          3

Your spell library contained the following spells:

 Spells                   Type           Power      Damage    Failure   Level
 Hailstorm                Conj/Ice       26%        3d7       50%         4
 Metabolic Englaciation   Hex/Ice        8%         N/A       87%         5


Dungeon Overview and Level Annotations

Branches:
Dungeon (4/15)
 Temple: D:4-7

Altars:
Elyvilon
Xom

Shops:
D:2 !***


Innate Abilities, Weirdness & Mutations

Your serpentine skin is tough. (AC +1)
You have supernaturally acute eyesight. (SInv)
Armour fits poorly on your strangely shaped body.
Your system is resistant to poisons. (rPois)
You cover ground very slowly.
You can spit poison.
You have a snake-like lower body.


Message History

Casting: Freeze (safe; 2% risk of failure)
Confirm with . or Enter, or press ? or * to list all spells.
Okay, then.
As you read the scroll labelled JAENI TULUSTE, it crumbles to dust.
It is a scroll of amnesia.
Really abort (and waste the scroll)?
Okay, then.
The phantom barely misses you.
As you read the scroll labelled UXYACO RAHE, it crumbles to dust.
You feel strangely unstable.
It was a scroll of teleportation.
The phantom closely misses you. The gnoll hits you with a +0 whip.
The phantom hits you!
* * * LOW HITPOINT WARNING * * *
The phantom blinks!
You blink.
A quokka comes into view.
The gnoll is pulled toward you! The quokka is pulled toward you!
Okay, then.
It was a potion of cancellation.
You feel strangely stable.
Your magical effects are unravelling.
You feel magically purged.
Your magical contamination has completely faded away.
You feel a little less clever now.
Your resistance to elements expires.
The phantom hits you.
* * * LOW HITPOINT WARNING * * *
The phantom blinks!
You blink.
The gnoll is pulled toward you! x2
The quokka is pulled toward you!
You feel less attractive to monsters.
A gnoll comes into view. It is wielding a +0 whip.
You aren't carrying any potions.
The gnoll shouts!
The gnoll barely misses you. The phantom misses you.
The quokka closely misses you. The gnoll closely misses you.
A gnoll comes into view. It is wielding a +0 spear.
You block the quokka's attack. The phantom barely misses you.
The quokka barely misses you. The gnoll hits you with a +0 whip.
* * * LOW HITPOINT WARNING * * *
The gnoll misses you. The quokka closely misses you.
The gnoll hits you with a +0 whip.
You die...

...........†#.
#....##..........)###
#.................##.
###.................###
##.................)#)#.
#........##...#####..).#
#.....>..#....#.. #....#
#............#...#....
..##...@......#...#....#
.......Wg.....#####.##..
......gr................
..................##†...
...............#........
........#......#........
........#.............#.
.##..###g......##.....#.
...# #.......##.....<.


You could see a phantom, 3 gnolls and a quokka.

Vanquished Creatures
  A wyvern zombie (D:4)
  An orc wizard (D:4)
  5 adders
  6 orcs
  8 ball pythons
  5 endoplasms
  5 giant cockroaches
  7 goblins
  5 hobgoblins
  11 jackals
  5 quokkas
  6 bats
  6 frilled lizards
  4 kobolds
  5 rats
80 creatures vanquished.

Notes
Turn   | Place    | Note
-------+----------+-------------------------------------------
     0 | D:1      | AtomicRavioli the Naga Ice Elementalist began the quest for
                  | the Orb.
     0 | D:1      | Reached XP level 1. HP: 15/15 MP: 3/3
   377 | D:1      | Reached XP level 2. HP: 17/22 MP: 3/5
   601 | D:1      | Reached XP level 3. HP: 27/28 MP: 2/6
   614 | D:1      | Learned a level 3 spell: Frozen Ramparts
  1050 | D:2      | Found Otifaoh's General Store.
  1139 | D:2      | Reached XP level 4. HP: 36/36 MP: 8/8
  1148 | D:2      | Learned a level 3 spell: Ozocubu's Armour
  1412 | D:2      | Found a white marble altar of Elyvilon.
  1528 | D:2      | Found Hegibih's Distillery.
  1627 | D:2      | Found Hebonnit's Assorted Antiques.
  1880 | D:2      | Found Hocyont's Assorted Antiques.
  2116 | D:3      | Found a shimmering altar of Xom.
  2493 | D:4      | Reached XP level 5. HP: 40/42 MP: 3/10
  2556 | D:4      | Reached skill level 1 in Shields
  2862 | D:4      | Noticed a phantom
  2884 | D:4      | HP: 2/42 [gnoll/+0 whip (3)]
  2886 | D:4      | Slain by a gnoll

Illustrated notes

Levels and vault maps discovered:
D:1:      erik_arrival_blinker_ship, layout_basic
D:2:      minmay_skewed_foursquare, layout_loops_ring, serial_shops,
          shop_statue, shop, shop, shop, basic_altar
D:3:      layout_basic, overflow_temple_1_default, minmay_misc_feat_room
D:4:      layout_cave_pools, kennysheep_mini_moat, minmay_distorted

Skill      XL: |  1  2  3  4  5 |
---------------+----------------+-----
Spellcasting   | 3 |  3.6
Shields        | 2 |  2.4
Dodging        | |  1.5
Stealth        | |  3.0
Conjurations   | |  0.5
Ice Magic      | |  4.9

Action                   |  1- 3 |  4- 6 || total
-------------------------+-------+-------++-------
Melee: Unarmed           |     9 |     5 ||    14
       Staff             |       |    30 ||    30
 Cast: Freeze            |    31 |     4 ||    35
       Frozen Ramparts   |       |    16 ||    16
       Ozocubu's Armour  |       |     5 ||     5
 Abil: Spit Poison       |    23 |    22 ||    45
  Use: Potion            |       |     6 ||     6
       Scroll            |       |     2 ||     2
 Stab: Sleeping          |     1 |       ||     1
Armor: Robe              |     6 |    15 ||    21
Dodge: Dodged            |    17 |    27 ||    44
Block: Buckler           |       |     6 ||     6

Table legend: (Time is in decaauts)
 A = Elapsed time spent in this place.
 B = Non-inter-level travel time spent in this place.
 C = Inter-level travel time spent in this place.
 D = Time resting spent in this place.
 E = Time spent auto-exploring this place.
 F = Levels seen in this place.
 G = Mean time per level.
                   A        B        C        D        E       F      G
               +--------+--------+--------+--------+--------+-----+--------+
         Total |   3503 |   3390 |    113 |    683 |   2154 |   4 |  875.8 |
       Dungeon |   3503 |   3390 |    113 |    683 |   2154 |   4 |  875.8 |
               +--------+--------+--------+--------+--------+-----+--------+

Top non-repeatable levels by time:
     D:2: 1215 daAuts
     D:1: 1175 daAuts
     D:3: 664 daAuts
     D:4: 447 daAuts
